[Event "EYCC Girls-U18 2019"]
[Site "Bratislava"]
[Date "2019.08.10"]
[Round "9.21"]
[White "Buchta, Agnieszka"]
[Black "Koubova, Anna Marie"]
[Result "0-1"]
[ECO "B40"]
[WhiteElo "1818"]
[BlackElo "2094"]
[Annotator "NA RC"]
[PlyCount "90"]
[EventDate "2019.08.02"]
[EventType "swiss"]
[EventCountry "SVK"]
[SourceTitle "playchess.com"]
[Source "ChessBase"]
[SourceQuality "1"]
[TimeControl "40/5400+30:1800+30"]

1. e4 c5 2. Nf3 e6 3. d4 cxd4 4. Nxd4 Nf6 5. Nc3 Nc6 6. Be2 Bb4 7. O-O O-O 8. Nxc6 bxc6 9. e5 Nd5 10. Ne4 Qc7 11. Nd6 a5 12. c4 Ne7 13. Be3 Nf5 14. Nxf5 exf5 15. c5 Qxe5 16. Bd4 Qe7 17. Rc1 d6 18. cxd6 Bxd6 19. Bf3 Bb7 20. Bxc6 Bxc6 21. Rxc6 Rad8 22. Qa4 Bxh2+ 23. Kxh2 Qh4+ 24. Kg1 Rxd4 25. Qc2 f4 26. Rc4 Rd5 27. f3 Rfd8 28. Rc8 h6 29. Rc1 Qe7 30. Qb3 Kh7 31. Rxd8 Rxd8 32. Qc2+ Kg8 33. Rd1 Qe3+ 34. Kf1 Re8 35. Qf2 Qe6 36. Qd2 Qxa2 37. Qd7 Qc4+ 38. Kg1 Qe6 39. Qa4 Qe3+ 40. Kf1 Qe2+ 41. Kg1 Rc8 42. Kh2 Rc2 43. Rg1 Qxf3 44. Qe8+ Kh7 45. Qxf7 Qg3+ 0-1

[Event "EYCC Girls-U18 2019"]
[Site "Bratislava"]
[Date "2019.08.10"]
[Round "9.22"]
[White "Kouta, Antonia"]
[Black "Duson, Robin"]
[Result "0-1"]
[ECO "B48"]
[WhiteElo "1762"]
[BlackElo "1936"]
[Annotator "NA RC"]
[PlyCount "62"]
[EventDate "2019.08.02"]
[EventType "swiss"]
[EventCountry "SVK"]
[SourceTitle "playchess.com"]
[Source "ChessBase"]
[SourceQuality "1"]
[TimeControl "40/5400+30:1800+30"]

1. e4 c5 2. Nf3 e6 3. d4 cxd4 4. Nxd4 Nc6 5. Nc3 Qc7 6. Be3 a6 7. Qd2 Nf6 8. f4 Bb4 9. Bd3 Ng4 10. Bg1 e5 11. Nxc6 dxc6 12. a3 Be7 13. f5 O-O 14. Na4 b5 15. Nc5 Nf6 16. O-O-O a5 17. Kb1 Rd8 18. Qe2 Nd7 19. Nxd7 Bxd7 20. Be3 Rdb8 21. Qf2 c5 22. f6 gxf6 23. c4 b4 24. Ka2 a4 25. Rb1 Be6 26. g4 Qa5 27. Bd2 Rd8 28. Qe2 Rxd3 29. Qxd3 Rd8 30. Qe2 Rxd2 31. Qf1 bxa3 0-1

[Event "EYCC Girls-U18 2019"]
[Site "Bratislava"]
[Date "2019.08.10"]
[Round "9.23"]
[White "Olde, Grete"]
[Black "Kocyigit, Buse Naz"]
[Result "0-1"]
[ECO "B22"]
[WhiteElo "1955"]
[BlackElo "2045"]
[Annotator "NA RC"]
[PlyCount "76"]
[EventDate "2019.08.02"]
[EventType "swiss"]
[EventCountry "SVK"]
[SourceTitle "playchess.com"]
[Source "ChessBase"]
[SourceQuality "1"]
[TimeControl "40/5400+30:1800+30"]

1. e4 c5 2. c3 d5 3. exd5 Qxd5 4. d4 Nc6 5. Nf3 Bg4 6. dxc5 Qxc5 7. Be3 Qh5 8. Nbd2 Nf6 9. Qa4 e5 10. Bb5 Bd7 11. Nc4 e4 12. Nd4 Nxd4 13. Bxd7+ Nxd7 14. Bxd4 b5 15. Qa5 Be7 16. Ne5 f6 17. Nxd7 Kxd7 18. a4 Rhb8 19. O-O Bd6 20. g3 Qf3 21. axb5 h5 22. c4 h4 23. Qc3 Qh5 24. Rfd1 Rh8 25. Qd2 Ke8 26. Re1 hxg3 27. Rxe4+ Kf7 28. fxg3 Bxg3 29. Re2 Bf4 30. Be3 Qg4+ 31. Rg2 Bxh2+ 32. Kf1 Qxc4+ 33. Ke1 Rhd8 34. Rxa7+ Rxa7 35. Qxd8 Ra1+ 36. Kd2 Qb4+ 37. Ke2 Qxb5+ 38. Qd3 Re1+ 0-1

[Event "EYCC Girls-U18 2019"]
[Site "Bratislava"]
[Date "2019.08.10"]
[Round "9.24"]
[White "Koljevic, Nikolina"]
[Black "Tumova, Anna"]
[Result "0-1"]
[ECO "C11"]
[WhiteElo "1960"]
[BlackElo "1722"]
[Annotator "NA RC"]
[PlyCount "110"]
[EventDate "2019.08.02"]
[EventType "swiss"]
[EventCountry "SVK"]
[SourceTitle "playchess.com"]
[Source "ChessBase"]
[SourceQuality "1"]
[TimeControl "40/5400+30:1800+30"]

1. e4 e6 2. d4 d5 3. Nc3 Nf6 4. Bg5 dxe4 5. Nxe4 Nbd7 6. Nf3 Be7 7. Bxf6 Bxf6 8. Bd3 b6 9. c3 Bb7 10. Qe2 O-O 11. O-O Qe7 12. Rad1 c5 13. Bb1 cxd4 14. Nxd4 Nc5 15. Rfe1 Rfd8 16. f3 Nxe4 17. Bxe4 Bd5 18. Bxd5 Rxd5 19. Qe4 Rad8 20. f4 Qc5 21. Re2 Bxd4+ 22. Rxd4 Rxd4 23. cxd4 Rxd4 24. Qe3 Rxf4 25. Qxc5 bxc5 26. Rc2 Rf5 27. b4 Kf8 28. bxc5 Ke7 29. Rc4 a5 30. c6 Kd8 31. g4 Rd5 32. Rc2 Kc7 33. Kg2 Rd6 34. g5 f5 35. gxf6 gxf6 36. Rc5 Rd2+ 37. Kg3 Rxa2 38. Rh5 Kxc6 39. Rh6 Kd6 40. Rxf6 Rc2 41. Rh6 Rc7 42. Rh4 Kd5 43. Ra4 Ra7 44. Kf4 e5+ 45. Ke3 Kc5 46. Ke4 Kb5 47. Ra1 Re7 48. Rb1+ Kc4 49. Rc1+ Kb3 50. Rb1+ Ka2 51. Rb5 a4 52. Ra5 a3 53. Rb5 Rg7 54. Rxe5 Rg2 55. Rh5 Kb1 0-1